 Dungeon Crawl Stone Soup version 0.28.0-49-g6dfe1f597d (webtiles) character file.

Game seed: 7364971316634272491

15373 Gabide the Scholar (level 12, 0/94 HPs)
             Began as a Human Monk on May 12, 2022.
             Was an Elder of Sif Muna.
             Slain by a warg (10 damage)
             ... on level 10 of the Dungeon.
             The game lasted 00:42:31 (22056 turns).

Gabide the Scholar (Human Monk)                    Turns: 22056, Time: 00:42:32

Health: 0/94       AC: 17    Str: 11    XL:     12   Next: 56%
Magic:  20/20      EV: 15    Int: 15    God:    Sif Muna [****..]
Gold:   622        SH:  0    Dex: 20    Spells: 11/11 levels left

rFire   . . .      SeeInvis .   w - +2 halberd (freeze)
rCold   + + +      Faith    .   (shield currently unavailable)
rNeg    . . .      Spirit   .   j - +0 ring mail {Will+}
rPois   +          Reflect  .   I - +2 helmet {Int+3}
rElec   +          Harm     .   m - +2 cloak
rCorr   +          Rampage  .   A - +1 pair of gloves
Will    ++...                   H - +0 pair of boots
Stlth   ..........              u - amulet of the acrobat
HPRegen 0.25/turn               G - ring of resist corrosion
MPRegen 0.17/turn               c - ring "Fuereab" {*Corrode rElec rPois rC+++ Will+}

@: confused, ambrosia-drunk
A: no striking features
a: Renounce Religion, Channel Magic, Forget Spell, Divine Exegesis


You were on level 10 of the Dungeon.
You worshipped Sif Muna.
Sif Muna was greatly pleased with you.
You visited 1 branch of the dungeon, and saw 11 of its levels.

You collected 622 gold pieces.

Inventory:

Hand Weapons
 w - a +2 halberd of freezing (weapon)
Missiles
 F - 5 javelins
Armour
 j - a +0 ring mail of willpower (worn)
 m - a +2 cloak (worn)
 A - a +1 pair of gloves (worn)
 H - a +0 pair of boots (worn)
 I - a +2 helmet of intelligence (worn)
Jewellery
 c - the ring "Fuereab" (right hand) {*Corrode rElec rPois rC+++ Will+}
   (You acquired it on level 9 of the Dungeon)

   [ring of willpower]

   rC:        It renders you almost immune to cold.
   rElec:     It insulates you from electricity.
   rPois:     It protects you from poison.
   *Corrode:  It may corrode you when you take damage.
   Will:      It increases your willpower.
 i - a ring of fire
 l - a ring of wizardry
 q - a ring of fire
 r - a ring of magical power
 u - an amulet of the acrobat (around neck)
 G - a ring of resist corrosion (left hand)
Wands
 a - a wand of digging (15)
 b - a wand of iceblast (5)
 e - a wand of flame (26)
 p - a wand of polymorph (1)
Scrolls
 g - 4 scrolls of holy word
 k - a scroll of blinking
 o - 2 scrolls of noise
 s - a scroll of immolation
 x - 2 scrolls of amnesia
Potions
 d - a potion of ambrosia
 f - a potion of attraction
 h - 3 potions of cancellation
 n - a potion of flight
 t - a potion of haste
 B - 2 potions of brilliance
 C - a potion of mutation
 K - a potion of magic {unknown}


   Skills:
 + Level 8.7 Fighting
 + Level 8.8 Polearms
 + Level 8.8 Armour
 + Level 8.7 Dodging
 - Level 2.0 Stealth
 * Level 11.6 Invocations


You had 11 spell levels left.
You didn't know any spells.
Your spell library contained the following spells:

 Spells                   Type           Power      Damage    Failure   Level
 Animate Skeleton         Necr           0%         N/A       50%         1
 Apportation              Tloc           0%         N/A       50%         1
 Summon Small Mammal      Summ           0%         N/A       50%         1
 Sublimation of Blood     Necr           0%         N/A       63%         2
 Wereblood                Tmut           0%         N/A       63%         2
 Mephitic Cloud           Conj/Pois/Air  0%         N/A       86%         3
 Animate Dead             Necr           0%         N/A       99%         4
 Petrify                  Tmut/Erth      0%         N/A       99%         4
 Eringya's Noxious Bog    Tmut/Pois      0%         N/A       100%        6
 Haunt                    Necr/Summ      0%         N/A       100%        7
 Summon Hydra             Summ           0%         N/A       100%        7
 Infestation              Necr           0%         N/A       100%        8


Dungeon Overview and Level Annotations

Branches:
Dungeon (11/15)            Temple (0/1) D:5            Lair (0/6) D:11
    Orc: D:9-12

Altars:
Ashenzari
Cheibriados
Fedhas
Hepliaklqana
Kikubaaqudgha
Nemelex Xobeh
Sif Muna
Uskayaw
Vehumet
Wu Jian
Yredelemnul
The Shining One

Shops:
D:5 *   D:7 =   D:11 !

Annotations:
D:6 exclusion: skeletal warrior


Message History

The warg closely misses you. The warg bites you.
* * * LOW HITPOINT WARNING * * *
The warg misses you. The warg completely misses you.
There is an open door here.
The warg completely misses you.
There is an open door here.
The warg closely misses you.
You hit the warg but do no damage.
The warg pauses to sniff the ground.
The warg bites you!
* * * LOW HITPOINT WARNING * * *
You hit the warg. You freeze the warg.
The warg is lightly wounded.
The warg stops to sniff the ground.
The warg closely misses you.
You hit the warg. You freeze the warg.
The warg is lightly wounded.
The warg bites you.
* * * LOW HITPOINT WARNING * * *
The warg barely misses you.
You hit the warg. You freeze the warg.
The warg is moderately wounded.
The warg bites you.
* * * LOW HITPOINT WARNING * * *
You puncture the warg! You freeze the warg.
The warg is almost dead.
The warg bites you!
* * * LOW HITPOINT WARNING * * *
Okay, then.
Unknown command.
Press: ? - help, v - describe, . - travel
Here: a warg (almost dead)
The floor, spattered with blood.
Okay, then.
Unknown command.
Unknown command.
You are confused.
You feel invigorated. The warg bites you!
You die...

.##.........# #.#
.##.........# #.#
.#####.##.#.# #.# .#
#...>..# #.# .#
###......# #.# .#
#........# #.# .#
#.#......# #.#
.###'##'##'#########.#
.#.....#...h.#hh@....#
.#.....#.....#.#######
.'##'##'##'##'.#
.#..#.....#..#.#
.#..#'###'#..#.#
.#..#.....#..#)#
.+..'.._..'..))#
.#..#.....#..#.#
.#..#+###'#..#.#


You could see 2 wargs.

Vanquished Creatures
  A centaur warrior (D:10)
  A two-headed ogre (D:9)
  A tengu warrior (D:10)
  2 death yaks (D:10)
  An ugly thing (D:10)
  A manticore (D:10)
  4 centaur zombies
  An efreet (D:10)
  A troll (D:10)
  A tengu conjurer (D:10)
  A yaktaur (D:10)
  2 hornets
  Prince Ribbit (D:9)
  3 shadows
  A wyvern (D:8)
  21 yaks
  2 wargs (D:11)
  2 water moccasins
  2 black bears
  An orc warrior (D:9)
  A hornet zombie (D:7)
  An ice beast (D:6)
  A necrophage (D:5)
  An ogre (D:6)
  A sky beast (D:6)
  12 centaurs
  6 kobold brigands
  2 scorpions
  6 bullfrogs
  3 gnoll sergeants
  A water moccasin zombie (D:6)
  A wyvern skeleton (D:7)
  5 killer bees
  An electric eel (D:7)
  A jelly (D:4)
  Crazy Yiuf (D:2)
  A bullfrog zombie (D:5)
  3 hounds
  A gnoll shaman (D:9)
  9 orc priests
  Jessica (D:2)
  4 orc wizards
  A killer bee zombie (D:8)
  A howler monkey skeleton (D:3)
  A howler monkey zombie (D:9)
  14 gnolls
  4 adders
  2 white imps
  5 ufetubi
  2 worms (D:2)
  A dart slug (D:3)
  25 orcs
  5 ball pythons
  A bat zombie (D:6)
  14 endoplasms
  5 giant cockroaches
  9 goblins
  6 hobgoblins
  6 jackals
  29 kobolds
  5 quokkas
  4 bats
  4 frilled lizards
  7 rats
  2 rat zombies (D:6)
266 creatures vanquished.

Vanquished Creatures (collateral kills)
  A death yak (D:10)
  A two-headed ogre (D:9)
  An orc warrior (D:9)
  An orc priest (D:9)
4 creatures vanquished.

Vanquished Creatures (others)
  A centaur skeleton (D:7)
  12 plants
13 creatures vanquished.

Grand Total: 283 creatures vanquished

Notes
Turn   | Place    | Note
-------+----------+-------------------------------------------
     0 | D:1      | Gabide the Human Monk began the quest for the Orb.
     0 | D:1      | Reached XP level 1. HP: 18/18 MP: 1/1
   196 | D:1      | Reached XP level 2. HP: 24/24 MP: 2/2
   520 | D:1      | Reached XP level 3. HP: 27/29 MP: 3/3
  1334 | D:2      | Reached XP level 4. HP: 24/36 MP: 4/4
  1525 | D:2      | Noticed Jessica
  1541 | D:2      | Killed Jessica
  1748 | D:2      | Reached XP level 5. HP: 24/42 MP: 5/5
  2134 | D:2      | Found a runed translucent door.
  2135 | D:2      | Noticed Crazy Yiuf
  2143 | D:2      | Killed Crazy Yiuf
  3319 | D:3      | Reached XP level 6. HP: 41/48 MP: 6/6
  3529 | D:3      | Found a sparkling altar of Nemelex Xobeh.
  3546 | D:3      | Found a radiant altar of Vehumet.
  3548 | D:3      | Found a blossoming altar of Fedhas.
  3548 | D:3      | Found a shimmering blue altar of Sif Muna.
  3550 | D:3      | Found a broken altar of Ashenzari.
  3551 | D:3      | Found a basalt altar of Yredelemnul.
  3556 | D:3      | Became a worshipper of Sif Muna the Loreminder
  3556 | D:3      | Reached * piety under Sif Muna
  3556 | D:3      | Reached ** piety under Sif Muna
  4000 | D:4      | Reached skill level 1 in Invocations
  5262 | D:4      | Reached skill level 2 in Invocations
  5858 | D:4      | Reached XP level 7. HP: 52/55 MP: 8/8
  5941 | D:4      | Found an ornate altar of the Wu Jian Council.
  6043 | D:5      | Entered Level 5 of the Dungeon
  6591 | D:5      | Found Paotweco's Gadget Gallery.
  6632 | D:5      | Noticed a yak
  6634 | D:5      | Noticed a yak
  6634 | D:5      | Noticed a yak
  6674 | D:4      | Killed a yak
  6675 | D:4      | Reached skill level 5 in Fighting
  6675 | D:4      | Reached skill level 3 in Invocations
  6975 | D:5      | Noticed a yak
  7234 | D:4      | Killed a yak
  7235 | D:4      | Reached skill level 5 in Polearms
  7235 | D:4      | Reached skill level 5 in Dodging
  7235 | D:4      | Reached skill level 4 in Invocations
  7235 | D:4      | Reached XP level 8. HP: 62/62 MP: 9/11
  7271 | D:4      | Killed a yak
  7385 | D:4      | Killed a yak
  7386 | D:4      | Reached skill level 5 in Invocations
  7741 | D:5      | You fall into a shaft and drop 1 floor!
  8209 | D:6      | Noticed a skeletal warrior
  8397 | D:5      | Found a faded altar of an unknown god.
  8440 | D:5      | Reached skill level 6 in Invocations
  8440 | D:5      | Reached XP level 9. HP: 26/69 MP: 13/13
  8658 | D:5      | Found a hazy altar of Hepliaklqana.
  9604 | D:5      | Found a staircase to the Ecumenical Temple.
 10052 | D:5      | Reached skill level 7 in Invocations
 10656 | D:6      | Found an ancient bone altar of Kikubaaqudgha.
 10940 | D:6      | Noticed a skeletal warrior
 10940 | D:6      | Noticed a skeletal warrior
 11784 | D:7      | Noticed a hornet
 12328 | D:7      | Paralysed by a hornet for 1 turns
 12334 | D:7      | Paralysed by a hornet for 3 turns
 12339 | D:7      | Killed a hornet
 12529 | D:7      | Reached XP level 10. HP: 55/77 MP: 15/15
 12791 | D:7      | Found Fuekk's Jewellery Boutique.
 13600 | D:8      | Reached skill level 5 in Armour
 13724 | D:8      | Reached *** piety under Sif Muna
 14249 | D:9      | Noticed a two-headed ogre
 14287 | D:9      | Killed a two-headed ogre
 14288 | D:9      | Reached skill level 8 in Invocations
 14780 | D:9      | Noticed Prince Ribbit
 14806 | D:9      | Killed Prince Ribbit
 15210 | D:9      | Noticed a two-headed ogre
 15236 | D:9      | Killed a two-headed ogre
 15237 | D:9      | Reached skill level 9 in Invocations
 15237 | D:9      | Reached XP level 11. HP: 49/84 MP: 17/17
 15645 | D:9      | Identified a scroll of acquirement
 15645 | D:9      | Acquired the ring "Fuereab" {*Corrode rElec rPois rC+++
                  | Will+}
 15747 | D:10     | Entered Level 10 of the Dungeon
 15762 | D:10     | Noticed a green ugly thing
 15782 | D:10     | Killed a green ugly thing
 15992 | D:10     | Found a snail-covered altar of Cheibriados.
 16322 | D:10     | Got the Disquisition on Venom and Stones
 17062 | D:10     | Noticed a manticore
 17065 | D:10     | Noticed a tengu warrior
 17074 | D:10     | Noticed a centaur warrior
 17209 | D:10     | Reached skill level 10 in Invocations
 17500 | D:10     | Found a hide-covered altar of Uskayaw.
 17500 | D:10     | Found a glowing golden altar of the Shining One.
 17616 | D:10     | Killed a tengu warrior
 17618 | D:10     | Killed a manticore
 17740 | D:10     | Killed a centaur warrior
 19198 | D:10     | Reached XP level 12. HP: 87/92 MP: 18/20
 19638 | D:11     | Noticed a death yak
 19640 | D:11     | Found a staircase to the Lair.
 19640 | D:11     | Noticed a death yak
 19646 | D:11     | Noticed a death yak
 19664 | D:10     | Killed a death yak
 20405 | D:10     | Killed a death yak
 20406 | D:10     | Reached skill level 11 in Invocations
 20747 | D:10     | Killed a death yak
 20997 | D:11     | Found Xecuaf's Distillery.
 21732 | D:11     | Reached **** piety under Sif Muna
 21801 | D:11     | Found a glowing golden altar of the Shining One.
 22056 | D:10     | Slain by a warg

Illustrated notes

Levels and vault maps discovered:
D:1:      dpeg_arrival_water_temple_mockup, layout_basic
D:2:      layout_loops_ring, uniq_crazy_yiuf_cottage, uniq_jessica
D:3:      layout_basic, grunt_temple_overflow_open, minmay_misc_feat_columns
D:4:      layout_loops_ring, nzn_wu_jian_council_hall
D:5:      layout_layer_cave, beargit_hepliaklqana_dungeon_heroes,
          minmay_temple_entry_crystal_x, grunt_decor_arrowhead,
          nicolae_shop_gadgets
D:6:      nicolae_cairo_tiling_large, layout_loops_ring,
          lemuel_zombie_altar_kikubaaqudgha, amcnicky_mini_pool_medium
D:7:      layout_layer_cave, serial_shops, kennysheep_mini_moat,
          serial_bayou_lagoon_b
D:8:      layout_basic
D:9:      layout_basic, uniq_prince_ribbit1
D:10:     layout_basic, mainiacjoe_overflow_24_doors,
          gammafunk_temple_overflow_wave, serial_bayou_pond_a,
          minmay_fractal_squares_gapless_7
D:11:     layout_long_grid, dpeg_lair_monsters, minmay_orc_entry_guard_dogs,
          serial_shops, shop_statue, nicolae_tso_swordbearing_angel

Skill      XL: |  1  2  3  4  5  6  7  8  9 10 11 12 |
---------------+-------------------------------------+-----
Fighting       | 4 5 6 7 8 |  8.7
Polearms       | 4 5 6 7 8 |  8.8
Dodging        | 4 5 6 7 8 |  8.7
Invocations    | 2 4 6 7 9 10 11 | 11.6
Armour         | 3 7 8 |  8.8
Stealth        | |  2.0

Action                   |  1- 3 |  4- 6 |  7- 9 | 10-12 || total
-------------------------+-------+-------+-------+-------++-------
Melee: Spear             |   131 |   129 |       |       ||   260
       Punch             |     2 |     1 |       |       ||     3
       Scythe            |       |    74 |       |       ||    74
       Unarmed           |       |     3 |       |       ||     3
       Halberd           |       |    44 |   281 |   658 ||   983
Throw: Javelin           |       |       |       |     2 ||     2
Evoke: Wand              |       |       |    11 |    12 ||    23
  Use: Potion            |     1 |     1 |     3 |     6 ||    11
       Scroll            |       |     7 |     9 |    15 ||    31
 Stab: Sleeping          |     8 |    12 |     3 |     2 ||    25
       Paralysed         |       |       |     7 |       ||     7
       Distracted        |       |       |       |     3 ||     3
Armor: Robe              |    25 |    49 |   100 |       ||   174
       Ring mail         |       |       |    14 |   364 ||   378
Dodge: Dodged            |    63 |   172 |   344 |   709 ||  1288
